 Seeded DCSS version 0.27-a0-1230-gfc7c993 (webtiles) character file.

Game seed: 3375557939289291370 (custom seed)

1 AmazingTV the Ducker (level 1, -2/11 HPs)
             Began as a Spriggan Abyssal Knight on June 8, 2021.
             Was an Initiate of Lugonu.
             Slain by a goblin
             ... wielding a +1 dagger of distortion
              (11 damage)
             ... on level 1 of the Dungeon.
             The game lasted 00:05:55 (702 turns).

AmazingTV the Ducker (Spriggan Abyssal Knight)       Turns: 702, Time: 00:05:56

Health: -2/11      AC:  2    Str:  8    XL:     1   Next: 16%
Magic:  3/3        EV: 17    Int: 13    God:    Lugonu [......]
Gold:   50         SH:  0    Dex: 14    Spells: 0/0 levels left

rFire    . . .     SeeInvis +   a - +0 dagger
rCold    . . .     Faith    .   (shield restricted)
rNeg     . . .     Spirit   .   b - +0 robe
rPois    .         Reflect  .   (helmet restricted)
rElec    .         Harm     .   (no cloak)
rCorr    .         Rampage  .   (gloves unavailable)
Will     .....                  (boots unavailable)
Stlth    +.........             (no amulet)
HPRegen  0.03/turn              (no ring)
MPRegen  0.08/turn              (no ring)

@: very quick
A: very small, no large weapons, unfitting armour, see invisible, speed 3
a: Renounce Religion


You were on level 1 of the Dungeon.
You worshipped Lugonu.
Lugonu was noncommittal.
You visited 1 branch of the dungeon, and saw 1 of its levels.
You visited the Abyss 1 time.

You collected 50 gold pieces.

Inventory:

Hand Weapons
 a - a +0 dagger (weapon)
 g - a +1 hand axe
Missiles
 d - 16 poisoned darts
 f - 29 sling bullets
Armour
 b - a +0 robe (worn)
Potions
 c - a potion of mutation {unknown}
 e - a potion of degeneration {unknown}


   Skills:
 - Level 2.4 Fighting
 * Level 0.1 Short Blades
 - Level 1.5 Axes
 * Level 3.2 Dodging
 * Level 0.2 Stealth
 - Level 1.7 Invocations


You couldn't memorise any spells.
You didn't know any spells.
Your spell library was empty.

Dungeon Overview and Level Annotations

Branches:
Dungeon (1/15)

Altars:


Innate Abilities, Weirdness & Mutations

You are very small and have problems with some larger weapons.
You are too small for most types of armour.
You have supernaturally acute eyesight. (SInv)
You cover ground extremely quickly. (Speed+++)


Message History

You open the door.
An endoplasm comes into view.
The endoplasm quivers.
You hit the endoplasm but do no damage. The endoplasm hits you.
You hit the endoplasm.
The endoplasm is lightly wounded.
The endoplasm closely misses you.
You hit the endoplasm.
The endoplasm is heavily wounded.
The endoplasm hits you but does no damage.
You hit the endoplasm but do no damage.
The endoplasm is heavily wounded.
The endoplasm closely misses you.
You hit the endoplasm.
The endoplasm is heavily wounded.
The endoplasm freezes you.
You are frozen.
You hit the endoplasm.
The endoplasm is severely wounded.
The endoplasm misses you.
You hit the endoplasm.
You kill the endoplasm!
Lugonu accepts your kill.
You start resting.
HP restored.
You are a level 1 Spriggan Abyssal Knight.
You are 16% of the way to level 2.
Play time: 00:05:34 (679 turns).
Zot will find you in 5734 turns if you stay in this branch and explore no new floors.
Unknown command.
There is an open door here.
A goblin comes into view.
It is wielding a +1 dagger of distortion.
The goblin shouts!
There is an open door here.
There is an open door here.
You hit the goblin.
The goblin is severely wounded.
The goblin hits you with a +1 dagger of distortion.
Space warps horribly around you!
Ouch! That really hurt!
You die...

#........# #........#
####........#
...g........#
#........# #####..#.##
#####
###...####'####...###
##.......##.#........##
#........@#.#.........#
#.........g.'.........#
#.........#.#.........#
##.......##.##.......##
###...####+###....###
#'#####...#####'#
##.###.......###.##
#...#.........#...#
#...+....<....+...#


You could see a goblin.

Vanquished Creatures
  An endoplasm (D:1)
1 creature vanquished.

Notes
Turn   | Place    | Note
-------+----------+-------------------------------------------
     0 | Abyss:1  | AmazingTV the Spriggan Abyssal Knight began the quest for
                  | the Orb.
     0 | Abyss:1  | Reached XP level 1. HP: 11/11 MP: 3/3
   108 | Abyss:1  | Noticed a thrashing horror
   109 | Abyss:1  | Noticed a large abomination
   128 | Abyss:1  | Noticed a large abomination
   142 | Abyss:1  | Noticed a quasit
   160 | Abyss:1  | Noticed a small abomination
   204 | Abyss:1  | Noticed a wraith
   232 | Abyss:1  | Noticed an iron imp
   339 | Abyss:1  | Noticed a wraith
   363 | Abyss:1  | Noticed an orange demon
   366 | Abyss:1  | Noticed a smoke demon
   387 | D:1      | Escaped the Abyss
   702 | D:1      | Slain by a goblin

Illustrated notes

Levels and vault maps discovered:
D:1:      dpeg_arrival_three_smaller_balls, layout_rooms,
          hellmonk_ecumenical_altar_prayer_group, minmay_split_cup_large

Action                   || total
-------------------------++-------
Melee: Dagger            ||     8
Invok: Depart the Abyss  ||     1
Armor: Robe              ||     1
Dodge: Dodged            ||     3

Table legend: (Time is in decaauts)
 A = Elapsed time spent in this place.
 B = Non-inter-level travel time spent in this place.
 C = Inter-level travel time spent in this place.
 D = Time resting spent in this place.
 E = Time spent auto-exploring this place.
 F = Levels seen in this place.
 G = Mean time per level.
                   A        B        C        D        E       F      G
               +--------+--------+--------+--------+--------+-----+--------+
         Total |    516 |    513 |      3 |    198 |    142 |   2 |  258.0 |
       Dungeon |    281 |    278 |      3 |    198 |     51 |   1 |  281.0 |
         Abyss |    235 |    235 |      0 |      0 |     91 |   1 |  235.0 |
               +--------+--------+--------+--------+--------+-----+--------+

Top non-repeatable levels by time:
     D:1: 281 daAuts
 Abyss:1: 235 daAuts
